cohdb
Replays
Latest Replays
All Replays
Popular Replays
Top Player Replays
Match Explorer
How It Works
Community
CoH3 Stats
Reddit
Sign in to upload your games and track your stats! →
Sign in with Steam
Match 41450455
Unlisted
Match 41450455
Overview
Messages
Build Orders
End
Selects Australian Defense Battlegroup
Selects Australian Light Infantry Section
Australian Light Infantry Section
Construct Section Command Post
Dingo Light Scout Car
Australian Light Infantry Section
Australian Light Infantry Section
Construct Platoon Command Post
Selects Defensive Tactics
Humber Armored Car
Humber Armored Car
Humber Armored Car
Light Vehicle Training
♥ ~Lady Rytsu~ ♥
PAX AJAX
我真的不是驴
Fatal Thoughts
0
0
Comments
sign in to comment!
No comments posted yet!